 Dungeon Crawl Stone Soup version 0.31-a0-180-g519b7de00c (webtiles) character file.

Game seed: 13629597661182040647

19648 Maxmaps the Marksdemonspawn (level 12, -5/97 HPs)
             Began as a Demonspawn Hunter on June 19, 2023.
             Was an Initiate of Gozag.
             Slain by a death yak (18 damage)
             ... on level 10 of the Dungeon.
             The game lasted 00:18:55 (10359 turns).

Maxmaps the Marksdemonspawn (Demonspawn Hunter)    Turns: 10359, Time: 00:18:56

Health: -5/97      AC: 12    Str: 19    XL:     12   Next: 38%
Magic:  12/12      EV: 11    Int: 11    God:    Gozag
Gold:   241        SH:  5    Dex: 23    Spells: 11/11 levels left

rFire   + . .        f - +1 orcbow (flame)
rCold   + . .        (shield currently unavailable)
rNeg    . . .        D - +0 scale mail
rPois   .            (helmet restricted)
rElec   .            d - scarf {rC+ rF+}
rCorr   +            r - +1 pair of gloves
SInv    .            (no boots)
Will    .....        q - amulet of reflection
Stlth   +            A - ring of the Inquisitive Dreams {Str+6 Dex+3}
HPRegen 0.36/turn    t - ring of resist corrosion
MPRegen 0.13/turn

%: reflection
@: brilliant, hasted, very quick
A: antennae 2, demonic guardian 1, foul stench 1, sharp scales 3
a: Renounce Religion, Potion Petition, Call Merchant, Bribe Branch


You were on level 10 of the Dungeon.
You worshipped Gozag.
Gozag was aware of your devotion.
You visited 2 branches of the dungeon, and saw 11 of its levels.
You visited the Abyss 1 time.
You also visited: Bailey.

You collected 1308 gold pieces.
You spent 66 gold pieces at shops.
You paid 1001 gold pieces to Gozag.

Inventory:

Hand Weapons
 a - a +0 shortbow
 f - a +1 orcbow of flaming (weapon)
Missiles
 w - a throwing net
Armour
 d - a scarf of resistance (worn)
 r - a +1 pair of gloves (worn)
 D - a +0 scale mail (worn)
 I - a +1 kite shield of protection
Jewellery
 h - a +6 ring of intelligence
 n - a ring of flight
 q - an amulet of reflection (around neck)
 t - a ring of resist corrosion (right hand)
 A - the ring of the Inquisitive Dreams (left hand) {Str+6 Dex+3}
   (You found it on level 4 of the Dungeon)

   [ring of strength]

   Str:       It affects your strength (+6).
   Dex:       It affects your dexterity (+3).
 F - a ring of protection from fire
 H - a ring of willpower
Wands
 p - a wand of flame (98)
 y - a wand of acid (16)
 B - a wand of paralysis (2)
 C - a wand of mindburst (23)
Scrolls
 b - a scroll of butterflies
 c - 2 scrolls of torment
 l - 2 scrolls of amnesia
 s - a scroll of noise {unknown}
 J - 2 scrolls of enchant armour
 K - a scroll of revelation
Potions
 e - 2 potions of magic
 g - 2 potions of curing
 i - a potion of degeneration
 j - a potion of resistance
 k - a potion of enlightenment
 m - 3 potions of mutation
 o - a potion of invisibility
 u - 2 potions of cancellation
 v - 3 potions of heal wounds
 x - 3 potions of attraction
 z - 2 potions of haste
 E - a potion of ambrosia
 L - 2 potions of brilliance


   Skills:
 - Level 10.1 Fighting
 - Level 16.0 Ranged Weapons
 + Level 5.5 Armour
 - Level 1.7 Dodging
 - Level 0.8 Stealth


You had 11 spell levels left.
You didn't know any spells.
Your spell library contained the following spells:

 Spells                   Type           Power      Damage    Failure   Level
 Magic Dart               Conj           0%         1d3       69%         1
 Sandblast                Erth           0%         2d4       69%         1
 Slow                     Hex            0%         N/A       69%         1
 Searing Ray              Conj           0%         2d4       83%         2
 Confusing Touch          Hex            0%         N/A       96%         3
 Vampiric Draining        Necr           0%         2d6       96%         3
 Fulminant Prism          Conj/Hex       0%         3d5       100%        4


Dungeon Overview and Level Annotations

Branches:
Dungeon (10/15)            Temple (1/1) D:7          Bailey (visited)
   Lair: D:8-11         Orc: D:9-12

Altars:
Ashenzari
Cheibriados
Dithmenos
Fedhas
Gozag
Hepliaklqana
Makhleb
Nemelex Xobeh
Okawaru
Qazlal
Ru
Sif Muna
Trog
Uskayaw
Vehumet
Wu Jian
Xom
Yredelemnul

Shops:
D:2 *

Annotations:
D:7 3 runed translucent doors, Dittersdorf's ghost, novice GrFi; innerfire43's ghost, novice DsMo
D:10 1 transporter


Innate Abilities, Weirdness & Mutations

You have a pair of antennae on your head.
A weak demonic guardian rushes to your aid.
You may rarely emit foul miasma when damaged in melee.
You are completely covered in razor-sharp scales. (AC +3, Slay +3)


Message History

Fire: f) +1 orcbow (flame)
Press: ? - help, Shift-Dir - straight line, f/p - death yak
Aim: a death yak (moderately wounded, ally target, 85% to hit)
You shoot an arrow. The arrow hits the death yak!
The arrow burns the death yak.
The death yak is heavily wounded.
The yak is distracted by your dazzling golden aura.
The death yak gores you!!
* * * LOW HITPOINT WARNING * * *
Fire: f) +1 orcbow (flame)
Press: ? - help, Shift-Dir - straight line, f/p - death yak
Aim: a death yak (heavily wounded, ally target, 85% to hit)
You shoot an arrow. The arrow hits the death yak.
The arrow burns the death yak.
The death yak is heavily wounded.
The yak is distracted by your dazzling golden aura.
The death yak gores you but does no damage.
Fire: f) +1 orcbow (flame)
Press: ? - help, Shift-Dir - straight line, f/p - death yak
Aim: a death yak (heavily wounded, ally target, 85% to hit)
You shoot an arrow. The yak bellows!
The arrow hits the death yak.
The arrow burns the death yak.
The death yak is severely wounded.
The death yak gores you!
* * * LOW HITPOINT WARNING * * *
Fire: f) +1 orcbow (flame)
Press: ? - help, Shift-Dir - straight line, f/p - death yak
Aim: a death yak (severely wounded, ally target, 85% to hit)
[a] - 435 gold - brilliance, magic and curing [b] - 364 gold - haste and brilliance [c] - 504 gold - haste, brilliance and resistance Purchase which effect?
You no longer have enough gold to petition Gozag for potion effects.
You feel yourself speed up.
You feel clever all of a sudden.
The yak is no longer distracted by gold.
The death yak gores you!!
You die...
Your body crumbles into a pile of gold.

#......Y########
####..##Y.......
#..##.#..####
#....Y.....##
#..........#.
#............ #####
#......8...#.
#...#####...(..(..Y##
#..5@YYYYY..(..))...#
#...#####.##.........
##.## #...##..####.#
#.# #..###..####.#
###.### ###........>
#.....# #.#
#.#.####)#
##.....#...# #.#.#
#.# #..........#
#.#.##..#.
#.<........#
#.#....#.#


You could see a death yak (ally target), 4 yaks and a friendly quasit
(summoned).

Vanquished Creatures
  A tentacled starspawn (Abyss:1)
  2 vault guards (Bailey)
  Erolcha (D:9)
  3 two-headed ogres
  2 death yaks
  Amaemon (D:9)
  A sixfirhy (Abyss:1)
  An anaconda skeleton (Abyss:1)
  An ugly thing (D:10)
  Maurice (D:9)
  A smoke demon (Abyss:1)
  A gargoyle (D:7)
  An orange demon (D:9)
  A kobold demonologist (D:7)
  2 efreet
  A hornet (D:8)
  A troll (D:9)
  2 raiju (Abyss:1)
  Prince Ribbit (Bailey)
  Eustachio (D:4)
  13 yaks
  5 humans (Bailey)
  A vampire mosquito (D:8)
  A chaos spawn (Abyss:1)
  2 steam dragons
  Edmund (D:6)
  3 ice beasts
  2 orc warriors
  An ogre (D:7)
  2 black bears (D:5)
  2 wolves (D:10)
  A centaur (D:10)
  A phantom (D:7)
  7 kobold brigands
  11 bullfrogs
  4 scorpions
  13 wights
  3 small abominations (Abyss:1)
  17 killer bees
  2 electric eels (D:10)
  9 howler monkeys
  6 hounds
  A jelly (D:5)
  6 orc priests
  Crazy Yiuf (D:7)
  2 sleepcaps
  Terence (D:2)
  3 iguanas
  Natasha (twice) (D:2)
  10 orc wizards
  7 adders
  5 gnolls
  3 shadow imps
  4 white imps
  3 ufetubi
  3 worms (D:3)
  2 dart slugs
  25 orcs
  4 ball pythons
  3 bats
  5 endoplasms
  5 giant cockroaches
  8 goblins
  5 hobgoblins
  26 kobolds
  4 quokkas
  A frilled lizard (D:1)
  3 rats (D:1)
  A butterfly (D:7)
276 creatures vanquished.

Vanquished Creatures (collateral kills)
  A raiju (Abyss:1)
1 creature vanquished.

Vanquished Creatures (others)
  2 starspawn tentacles (Abyss:1)
2 creatures vanquished.

Grand Total: 279 creatures vanquished

Notes
Turn   | Place    | Note
-------+----------+-------------------------------------------
     0 | D:1      | Maxmaps the Demonspawn Hunter began the quest for the Orb.
     0 | D:1      | Reached XP level 1. HP: 16/16 MP: 1/1
   154 | D:1      | Reached skill level 4 in Ranged Weapons
   159 | D:1      | Found a faded altar of an unknown god.
   168 | D:1      | Got Plato's Collected Works on Quicksand
   223 | D:1      | Gained mutation: You are partially covered in razor-sharp
                  | scales. (AC +1, Slay +1) [demonic ancestry]
   223 | D:1      | Reached XP level 2. HP: 22/22 MP: 2/2
   447 | D:2      | Noticed Natasha
   451 | D:2      | Killed Natasha
   452 | D:2      | Gained mutation: You are mostly covered in razor-sharp
                  | scales. (AC +2, Slay +2) [demonic ancestry]
   452 | D:2      | Reached XP level 3. HP: 20/27 MP: 3/3
   682 | D:2      | Noticed Terence
   687 | D:2      | Killed Terence
   688 | D:2      | Reached skill level 5 in Ranged Weapons
   688 | D:2      | Reached XP level 4. HP: 24/33 MP: 4/4
   773 | D:2      | Found Cetuaxio's General Store.
   777 | D:2      | Bought 2 scrolls of identify for 44 gold pieces
   777 | D:2      | Bought a scroll of identify for 22 gold pieces
   799 | D:2      | Noticed Natasha
   804 | D:2      | Killed Natasha
  1221 | D:3      | Gained mutation: You have a pair of small antennae on your
                  | head. [demonic ancestry]
  1221 | D:3      | Reached XP level 5. HP: 8/38 MP: 5/5
  1477 | D:3      | Found a radiant altar of Vehumet.
  1723 | D:3      | Reached skill level 6 in Ranged Weapons
  1932 | D:4      | Noticed Eustachio
  2115 | D:3      | Identified a scroll of acquirement
  2115 | D:3      | Acquired a +1 orcbow of flaming
  2185 | D:4      | Reached XP level 6. HP: 44/44 MP: 6/6
  2261 | D:4      | Found a hide-covered altar of Uskayaw.
  2262 | D:4      | Killed Eustachio
  2263 | D:4      | Reached skill level 7 in Ranged Weapons
  2428 | D:4      | Found a stormy altar of Qazlal.
  2429 | D:4      | Found a shimmering altar of Xom.
  2455 | D:4      | Reached XP level 7. HP: 50/50 MP: 7/7
  2621 | D:4      | Identified the ring of the Inquisitive Dreams {Str+6 Dex+3}
  2688 | D:5      | Entered Level 5 of the Dungeon
  2697 | D:5      | Reached skill level 8 in Ranged Weapons
  2870 | D:5      | Reached skill level 9 in Ranged Weapons
  2914 | D:5      | Found a bloodstained altar of Trog.
  2967 | D:5      | Gained mutation: You are completely covered in razor-sharp
                  | scales. (AC +3, Slay +3) [demonic ancestry]
  2967 | D:5      | Reached XP level 8. HP: 56/56 MP: 8/8
  3258 | D:5      | Found a shimmering blue altar of Sif Muna.
  3272 | D:5      | Found an iron altar of Okawaru.
  3413 | D:5      | Reached skill level 10 in Ranged Weapons
  3883 | D:6      | Reached skill level 11 in Ranged Weapons
  3937 | D:6      | Noticed Edmund
  3944 | D:6      | Killed Edmund
  3985 | D:6      | Identified the scarf of Masochism {harm, Int+6}
  3993 | D:6      | Found a large runed translucent door.
  3993 | D:6      | Found a large runed translucent door.
  4047 | D:6      | Found a sparkling altar of Nemelex Xobeh.
  4157 | D:6      | Gained mutation: You have a pair of antennae on your head.
                  | [demonic ancestry]
  4157 | D:6      | Reached XP level 9. HP: 61/61 MP: 9/9
  4450 | D:6      | Found a shadowy altar of Dithmenos.
  4455 | D:6      | Found a snail-covered altar of Cheibriados.
  4489 | D:7      | Reached skill level 12 in Ranged Weapons
  4813 | D:7      | Found a runed translucent gate.
  4816 | D:7      | Found a runed translucent gate.
  4816 | D:7      | Found a runed translucent gate.
  4818 | D:7      | Noticed Dittersdorf's ghost (novice GrFi)
  4818 | D:7      | Noticed innerfire43's ghost (novice DsMo)
  4988 | D:7      | Noticed a gargoyle
  4992 | D:7      | Reached skill level 13 in Ranged Weapons
  5001 | D:7      | HP: 1/61 [gargoyle/stone arrow (27)]
  5003 | D:7      | Killed a gargoyle
  5011 | D:7      | Found a flagged portal.
  5014 | D:7      | Noticed a kobold demonologist
  5018 | D:7      | Killed a kobold demonologist
  5021 | D:7      | Gained mutation: A weak demonic guardian rushes to your
                  | aid. [demonic ancestry]
  5021 | D:7      | Reached XP level 10. HP: 28/67 MP: 10/10
  5036 | Bailey   | Entered a bailey
  5224 | Bailey   | Reached skill level 14 in Ranged Weapons
  5389 | Bailey   | Noticed Prince Ribbit
  5389 | Bailey   | Noticed a vault guard
  5399 | Bailey   | Killed Prince Ribbit
  5439 | Bailey   | Killed a vault guard
  5694 | Bailey   | Noticed a vault guard
  5715 | Bailey   | Killed a vault guard
  5716 | Bailey   | Reached skill level 15 in Ranged Weapons
  5813 | D:7      | Found a staircase to the Ecumenical Temple.
  5937 | Temple   | Entered the Ecumenical Temple
  6133 | Temple   | Became a worshipper of Gozag Ym Sagoz the Greedy
  6319 | D:7      | Found a runed translucent door.
  6320 | D:7      | Noticed Crazy Yiuf
  6326 | D:7      | Killed Crazy Yiuf
  6884 | D:8      | Noticed a two-headed ogre
  6905 | D:8      | Killed a two-headed ogre
  6906 | D:8      | Reached XP level 11. HP: 38/72 MP: 11/11
  7582 | D:9      | Reached skill level 16 in Ranged Weapons
  7996 | D:9      | Noticed Amaemon
  7996 | D:9      | Noticed a two-headed ogre
  8000 | D:9      | Killed a two-headed ogre
  8020 | D:9      | Killed Amaemon
  8021 | D:9      | Reached skill level 5 in Fighting
  8262 | D:9      | Noticed Erolcha
  8268 | D:9      | Noticed Maurice
  8269 | Abyss:1  | Found a corrupted altar of Lugonu.
  8269 | Abyss:1  | Cast into level 1 of the Abyss (Erolcha)
  8569 | Abyss:1  | Found a corrupted altar of Lugonu.
  8652 | Abyss:1  | Noticed a tentacled starspawn
  8662 | Abyss:1  | Killed a tentacled starspawn
  8687 | Abyss:1  | Noticed a sixfirhy
  8692 | Abyss:1  | Killed a sixfirhy
  8695 | D:9      | Escaped the Abyss
  8778 | D:9      | Killed Erolcha
  8938 | D:9      | Gained mutation: You may rarely emit foul miasma when
                  | damaged in melee. [demonic ancestry]
  8938 | D:9      | Reached XP level 12. HP: 71/97 MP: 12/12
  9071 | D:9      | Killed Maurice
  9072 | D:9      | Reached skill level 10 in Fighting
  9167 | D:9      | Reached skill level 1 in Armour
  9263 | D:10     | Entered Level 10 of the Dungeon
  9300 | D:10     | Noticed a two-headed ogre
  9307 | D:10     | Killed a two-headed ogre
  9680 | D:10     | Noticed a death yak
  9683 | D:10     | Noticed a death yak
  9686 | D:10     | Noticed a death yak
  9712 | D:9      | Killed a death yak
 10166 | D:10     | Found a transporter.
 10166 | D:10     | Found a transporter.
 10340 | D:10     | Reached skill level 5 in Armour
 10347 | D:10     | Killed a death yak
 10359 | D:10     | Slain by a death yak

Illustrated notes

Levels and vault maps discovered:
D:1:      lightli_arrival_chessboard, layout_rooms,
          shapermc_ecumenical_altar_rom_forum, chequers_garden
D:2:      layout_rooms, serial_shops, nicolae_shop_competitors_out_of_business,
          uniq_terence, uniq_natasha
D:3:      layout_basic, vehumet_altar_wand_db
D:4:      layout_cave_pools, nicolae_overflow_two_pavilions,
          eat_drink_and_be_merry_uskayaw, uniq_eustachio
D:5:      layout_loops_ring, okawaru_gym_becter,
          nicolae_sif_muna_little_library, minmay_ruined_shrine
D:6:      layout_basic, mainiacjoe_overflow_small_starburst,
          jmf_multi_god_temple2, uniq_edmund
D:7:      layout_gridville, minmay_temple_entry_butterflies,
          gammafunk_ghost_cemetery, enter_bailey_2, uniq_crazy_yiuf_cottage
D:8:      minmay_blocky_corners, layout_loops_ring
D:9:      layout_roguey, st_stairs_10, blue_anna_alchemist, uniq_erolcha,
          uniq_amaemon, uniq_maurice, uniq_prince_ribbit1
D:10:     layout_loops_ring, lemuel_tele_altar, dpeg_lair_monsters, serial_ice,
          serial_ice_j, serial_ice_b, serial_ice_c, serial_ice_h, serial_ice_n,
          minmay_misc_feat_secret_circle, nicolae_diode_stairs
Temple:   nicolae_temple_slightly_damp_pantheon

Skill      XL: |  1  2  3  4  5  6  7  8  9 10 11 12 |
---------------+-------------------------------------+-----
Ranged Weapons | 4 5 6 7 9 11 13 15 16 | 16.0
Fighting       | 9 10 | 10.1
Armour         | 5 |  5.5
Dodging        | |  1.7
Stealth        | |  0.8

Action                     |  1- 3 |  4- 6 |  7- 9 | 10-12 || total
---------------------------+-------+-------+-------+-------++-------
   Fire: Shortbow          |    58 |   130 |       |       ||   188
         Orcbow            |       |    55 |   274 |   524 ||   853
 Invoke: Potion Petition   |       |       |       |     2 ||     2
  Evoke: Wand              |       |       |       |     1 ||     1
    Use: Scroll            |       |    13 |     6 |    11 ||    30
         Potion            |       |       |     3 |    12 ||    15
 Armour: Leather armour    |     1 |    41 |    29 |    22 ||    93
         Scale mail        |       |       |       |    41 ||    41
  Dodge: Dodged            |     6 |    52 |    78 |   104 ||   240
  Block: Other             |       |    28 |    21 |    39 ||    88
         Reflection        |       |     1 |     1 |     3 ||     5

Table legend: (Time is in decaauts)
 A = Elapsed time spent in this place.
 B = Non-inter-level travel time spent in this place.
 C = Inter-level travel time spent in this place.
 D = Time resting spent in this place.
 E = Time spent auto-exploring this place.
 F = Levels seen in this place.
 G = Mean time per level.
                   A        B        C        D        E       F      G
               +--------+--------+--------+--------+--------+-----+--------+
         Total |  10333 |   9612 |    721 |   1535 |   6256 |  13 |  794.8 |
       Dungeon |   8993 |   8324 |    669 |   1107 |   5712 |  10 |  899.3 |
        Temple |    215 |    164 |     51 |      0 |    151 |   1 |  215.0 |
         Abyss |    417 |    417 |      0 |    118 |    204 |   1 |  417.0 |
        Bailey |    706 |    706 |      0 |    310 |    189 |   1 |  706.0 |
               +--------+--------+--------+--------+--------+-----+--------+

Top non-repeatable levels by time:
     D:9: 1753 daAuts
     D:3: 1099 daAuts
     D:7: 1087 daAuts
     D:8: 988 daAuts
     D:5: 939 daAuts
     D:6: 858 daAuts
     D:4: 724 daAuts
  Bailey: 706 daAuts
    D:10: 627 daAuts
     D:2: 469 daAuts
     D:1: 446 daAuts
 Abyss:1: 417 daAuts
  Temple: 215 daAuts
